 Dungeon Crawl Stone Soup version 0.25.1-2-g60ff931df9 (webtiles) character file.

Game seed: 16802514811957572916

37800 Drachen the Nimble (level 13, -5/108 HPs)
             Began as a Demigod Hunter on Oct 9, 2020.
             Slain by a phantasmal warrior (22 damage)
             ... led by a death knight
             ... on level 12 of the Dungeon on Oct 11, 2020.
             The game lasted 01:02:55 (18005 turns).

Drachen the Nimble (Demigod Hunter)                Turns: 18005, Time: 01:02:56

Health: -5/108     AC: 15    Str: 21 (23) XL:     13   Next: 27%
Magic:  11/11      EV: 14    Int:  7 (10) God:
Gold:   562        SH:  6    Dex: 16 (18) Spells: 12/12 levels left

rFire    . . .     SeeInvis .   T - +7 mace of Fuimiu {flame, rElec rPois Int-5 Stlth+}
rCold    . . .     Gourm    .   b - +1 buckler
rNeg     + . .     Faith    .   B - +0 chain mail
rPois    +         Spirit   .   p - +2 hat
rElec    +         Reflect  .   M - scarf {repulsion}
rCorr    +         Harm     .   (no gloves)
MR       +....                  H - +0 pair of boots
Stlth    ..........             u - amulet of magic regeneration
HPRegen  0.28/turn              i - ring of Rywneapp {rN+ MR+ rCorr}
MPRegen  0.37/turn              D - ring of Cowardice {rElec MP-9 Str+2 Stlth-}

@: about to teleport, vulnerable, very slightly contaminated, invisible, repel
missiles
A: high mp 1
a: no special abilities


You were on level 12 of the Dungeon.
You were not hungry.

You visited 1 branch of the dungeon, and saw 13 of its levels.
You also visited: Sewer.

You collected 562 gold pieces.

Inventory:

Hand Weapons
 e - a +1 short sword of venom
 o - a +0 antimagic dagger
 O - a +2 eveningstar of protection
 T - the +7 mace of Fuimiu (weapon) {flame, rElec rPois Int-5 Stlth+}
   (You found it on level 9 of the Dungeon)

   It has been specially enchanted to burn those struck by it, causing extra
   injury to most foes and up to half again as much damage against particularly
   susceptible opponents.
   It affects your intelligence (-5).
   It insulates you from electricity.
   It protects you from poison.
   It makes you more stealthy.
 U - the +8 glaive of Epaorr {freeze, Int+3}
   (You found it on level 12 of the Dungeon)

   It has been specially enchanted to freeze those struck by it, causing extra
   injury to most foes and up to half again as much damage against particularly
   susceptible opponents.
   It can also slow down cold-blooded creatures.
   It affects your intelligence (+3).
Missiles
 d - 3 throwing nets
 y - 24 poisoned darts
 R - 8 javelins (quivered)
Armour
 b - a +1 buckler (worn)
 p - a +2 hat (worn)
 B - a +0 chain mail (worn)
 E - a +1 cloak
 H - a +0 pair of boots (worn)
 M - a scarf of repulsion (worn)
 X - the -2 helmet of the Pink Corner {rElec rCorr}
   (You found it on level 13 of the Dungeon)

   It insulates you from electricity.
   It provides partial protection from all sources of acid and corrosion.
Jewellery
 i - the ring of Rywneapp (left hand) {rN+ MR+ rCorr}
   (You found it on level 6 of the Dungeon)

   [ring of resist corrosion]

   It protects you from negative energy.
   It affects your resistance to hostile enchantments.
   It provides partial protection from all sources of acid and corrosion.
 l - an uncursed ring of magical power
 n - an uncursed ring of wizardry
 s - an uncursed ring of fire
 u - an amulet of magic regeneration (around neck)
 D - the ring of Cowardice (right hand) {rElec MP-9 Str+2 Stlth-}
   (You found it on level 12 of the Dungeon)

   [ring of attention]

   It affects your strength (+2).
   It insulates you from electricity.
   It affects your magic capacity (-9).
   It makes you less stealthy.
Wands
 P - a wand of random effects (54)
 Q - a wand of iceblast (6)
 W - a wand of paralysis (7)
Scrolls
 c - 3 scrolls of amnesia
 g - 2 scrolls of blinking
 m - 6 scrolls of identify
 q - a scroll of immolation
 r - 8 scrolls of teleportation
 v - a scroll of fear
 C - 4 scrolls of remove curse
 F - a scroll of magic mapping
 J - a scroll of enchant armour
 K - a scroll of vulnerability {unknown}
 L - a scroll of enchant weapon
 N - a scroll of summoning {unknown}
Potions
 a - 6 potions of curing
 h - 3 potions of flight
 j - 4 potions of haste
 t - 2 potions of stabbing
 w - 2 potions of brilliance
 x - 7 potions of might
 z - 4 potions of magic
 A - a potion of heal wounds
 G - a potion of berserk rage
 I - 2 potions of degeneration
 S - 2 potions of invisibility
Comestibles
 f - 14 rations


   Skills:
 + Level 8.3 Fighting
 - Level 7.6 Short Blades
 + Level 8.3 Maces & Flails
 - Level 8.0 Throwing
 - Level 10.0 Armour
 - Level 10.0 Dodging
 - Level 1.0 Stealth
 - Level 5.0 Shields
 * Level 4.7 Evocations


You had 12 spell levels left.
You didn't know any spells.
Your spell library was empty.

Dungeon Overview and Level Annotations

Branches:
Dungeon (13/15)            Temple (0/1) D:7            Lair (0/6) D:10
    Orc (0/2) D:11          Sewer (visited)
 Vaults: D:13-14

Shops:
D:5 %

Portals:
Trove: D:11 (give +5 demon trident)


Innate Abilities, Weirdness & Mutations

You have an increased reservoir of magic. (+10% MP)


Message History

The death knight hits you but does no damage.
It was a potion of heal wounds.
You feel much better. The phantasmal warrior hits you!!
* * * LOW HITPOINT WARNING * * *
The phantasmal warrior misses you.
The death knight mumbles some strange prayers to Yredelemnul against something.
You block the phantasmal warrior's attack.
There is a stone staircase leading up, spattered with blood here.
The phantasmal warrior hits you but does no damage.
You climb upwards.
There is a stone staircase leading down here.
Press: ? - help, v - describe, . - travel
Here: a phantasmal warrior The floor.
As you read the scroll of teleportation, it crumbles to dust.
You feel strangely unstable. The phantasmal warrior hits you!
* * * LOW HITPOINT WARNING * * *
Your magical defenses are stripped away!
The phantasmal warrior hits you!!
You die...

.....## #.#.(.........# #.#
......# #)#((.###.##### #.#
......# #.#<).###.# #.#
#.....###.#((.....# #.#
##............##..## #.#
####..###)(........##########.#
..<......(.(...#..............#
......########.#..#############
####..# #.#@.# ...#..# #.#>W#
##.#..# #.#..#### #.#..####
#.#.....# #.......# #.#.###(#
###.#.#.# #.#.###(# #.#.#.#
#.#....(# #.#.#.# #.####..#
#.#.#.# #.# #..#


You could see a phantasmal warrior.

Vanquished Creatures
  Josephine (D:11)
  Erolcha (D:9)
  4 centaur warriors
  3 two-headed ogres
  Urug (D:12)
  3 ugly things
  A deep elf mage (D:13)
  A cyclops (D:13)
  3 centaur zombies
  Maurice (D:11)
  Joseph (D:9)
  A gargoyle (D:11)
  Maggie (D:8)
  A kobold demonologist (D:13)
  4 trolls
  A merfolk (D:11)
  5 hippogriffs
  21 yaks
  6 wraiths
  A wyvern (D:13)
  2 hungry ghosts
  A basilisk (D:13)
  A steam dragon (D:8)
  Menkaure (D:6)
  2 porcupines (D:10)
  3 orc warriors
  2 black bears
  4 ice beasts
  3 phantoms
  3 sky beasts
  A necrophage (D:7)
  9 ogres
  19 centaurs
  6 crocodiles
  4 big kobolds
  Blork the orc (D:4)
  6 bullfrogs
  6 scorpions
  3 killer bees (D:8)
  2 lava snakes (D:10)
  4 howler monkeys
  4 crimson imps
  A bullfrog zombie (D:6)
  7 hounds
  A quasit (D:10)
  15 orc wizards
  A gnoll shaman (D:9)
  4 jellies
  8 orc priests
  4 bullfrog skeletons
  A centaur skeleton (D:4)
  6 iguanas
  10 worker ants
  2 hound skeletons
  A howler monkey zombie (D:11)
  14 gnolls
  2 river rats (Sewer)
  A worker ant zombie (D:8)
  12 adders
  6 shadow imps
  3 oozes
  An adder zombie (D:9)
  2 worms (Sewer)
  A dart slug (D:4)
  5 leopard geckos
  50 orcs
  3 ball pythons
  6 bats
  2 giant cockroaches (D:5)
  6 goblins
  9 hobgoblins
  9 jackals
  19 kobolds
  4 quokkas
  2 ball python zombies (D:5)
  4 frilled lizards
  6 rats
376 creatures vanquished.

Vanquished Creatures (others)
  A sky beast (D:9)
1 creature vanquished.

Grand Total: 377 creatures vanquished

Notes
Turn   | Place    | Note
-------+----------+-------------------------------------------
     0 | D:1      | Drachen the Demigod Hunter began the quest for the Orb.
     0 | D:1      | Reached XP level 1. HP: 17/17 MP: 3/3
    80 | D:1      | Reached skill level 1 in Stealth
   217 | D:1      | Reached XP level 2. HP: 23/24 MP: 4/4
   868 | D:1      | You fall into a shaft and drop 1 floor!
   885 | D:2      | Reached XP level 3. HP: 27/29 MP: 5/5
   987 | D:2      | Reached skill level 1 in Short Blades
   993 | D:2      | Reached skill level 1 in Armour
  1548 | D:2      | Reached XP level 4. HP: 18/36 MP: 6/6
  1761 | D:2      | Reached skill level 1 in Shields
  1843 | D:2      | Found a faded altar of an unknown god.
  2249 | D:3      | Noticed a sky beast
  2260 | D:3      | Killed a sky beast
  2260 | D:3      | Reached XP level 5. HP: 42/42 MP: 7/7
  2765 | D:4      | Noticed a phantom
  2794 | D:4      | Reached skill level 5 in Fighting
  2794 | D:4      | Reached skill level 5 in Dodging
  2794 | D:4      | Reached XP level 6. HP: 15/56 MP: 8/8
  3198 | D:4      | Noticed Blork the orc
  3210 | D:4      | Killed Blork the orc
  3210 | D:4      | Reached XP level 7. HP: 52/61 MP: 9/9
  3252 | D:4      | Found a white marble altar of Elyvilon.
  3329 | D:4      | You fall into a shaft and drop 3 floors!
  3417 | D:6      | Noticed a hippogriff
  3427 | D:6      | Killed a hippogriff
  3556 | D:6      | Reached skill level 5 in Short Blades
  3556 | D:6      | Reached skill level 5 in Armour
  3702 | D:6      | Got a shimmering glass ring
  3703 | D:6      | Identified the ring of Rywneapp {rN+ MR+ rCorr} (You found
                  | it on level 6 of the Dungeon)
  3780 | D:6      | Reached XP level 8. HP: 18/69 MP: 10/10
  4094 | D:6      | Reached skill level 5 in Shields
  4252 | D:5      | Entered Level 5 of the Dungeon
  4378 | D:5      | Found Wuzaxut's Food Shop.
  4547 | D:5      | Found a glowing drain.
  4642 | Sewer    | Entered a sewer
  5287 | D:5      | Found a glowing silver altar of Zin.
  6025 | D:4      | Reached XP level 9. HP: 66/75 MP: 11/11
  6380 | D:4      | Found a hide-covered altar of Uskayaw.
  6386 | D:4      | Found a basalt altar of Yredelemnul.
  6387 | D:4      | Found a sparkling altar of Nemelex Xobeh.
  6387 | D:4      | Found a stormy altar of Qazlal.
  6387 | D:4      | Found a shadowy altar of Dithmenos.
  6388 | D:4      | Found a shimmering blue altar of Sif Muna.
  6389 | D:4      | Found a blossoming altar of Fedhas.
  6852 | D:6      | Found a shimmering altar of Xom.
  7036 | D:6      | Noticed Menkaure
  7042 | D:6      | Killed Menkaure
  7911 | D:7      | Found a staircase to the Ecumenical Temple.
  8514 | D:8      | Reached XP level 10. HP: 84/86 MP: 15/15
  9257 | D:8      | Noticed Maggie
  9289 | D:8      | HP: 2/86 [Maggie/+0 scimitar (7)]
  9290 | D:8      | Killed Maggie
 10441 | D:9      | Noticed Joseph
 10507 | D:9      | Killed Joseph
 10777 | D:9      | Reached XP level 11. HP: 89/93 MP: 16/16
 10810 | D:9      | Got an iridescent mace
 10811 | D:9      | Identified the +7 mace of Fuimiu {flame, rElec rPois Int-5
                  | Stlth+} (You found it on level 9 of the Dungeon)
 10812 | D:9      | Reached XP level 12. HP: 101/101 MP: 17/17
 11156 | D:9      | Noticed Erolcha
 11168 | D:9      | Killed Erolcha
 11371 | D:10     | Entered Level 10 of the Dungeon
 11371 | D:10     | Found a burning altar of Makhleb.
 11810 | D:10     | Got an encrusted spear
 11820 | D:10     | Identified the cursed +0 spear "Grim" {holy, rC+} (You
                  | found it on level 10 of the Dungeon)
 12167 | D:10     | Found a staircase to the Lair.
 12725 | D:11     | Found a staircase to the Orcish Mines.
 13031 | D:11     | Noticed Maurice
 13052 | D:11     | Killed Maurice
 13059 | D:11     | Noticed Josephine
 13076 | D:11     | Killed Josephine
 13282 | D:11     | Found a portal to a secret trove of treasure.
 14100 | D:12     | Noticed Urug
 14276 | D:12     | Noticed a centaur warrior
 14303 | D:12     | Killed a centaur warrior
 14721 | D:12     | Got a pitted steel ring
 14723 | D:12     | Identified the ring of Cowardice {rElec MP-9 Str+2 Stlth-}
                  | (You found it on level 12 of the Dungeon)
 14965 | D:12     | Killed Urug
 15351 | D:12     | Got a polished glaive
 15352 | D:12     | Identified the +8 glaive of Epaorr {freeze, Int+3} (You
                  | found it on level 12 of the Dungeon)
 15790 | D:13     | Noticed a centaur warrior
 15803 | D:13     | Killed a centaur warrior
 15939 | D:13     | Reached XP level 13. HP: 95/107 MP: 10/19
 16047 | D:13     | Reached skill level 10 in Dodging
 16723 | D:13     | Reached skill level 10 in Armour
 17256 | D:13     | Got a bloodstained helmet
 17267 | D:13     | Identified the -2 helmet of the Pink Corner {rElec rCorr}
                  | (You found it on level 13 of the Dungeon)
 18005 | D:12     | Slain by a phantasmal warrior

Illustrated notes

Levels and vault maps discovered:
D:1:      dpeg_arrival_water_fire, layout_basic
D:2:      layout_loops_ring, chequers_ecumenical_altar_twisty,
          minmay_misc_feat_roman
D:3:      layout_basic, hangedman_abyss_or_decor_lesser_grid
D:4:      layout_gridville, minitemple, first_ration, uniq_blork_the_orc
D:5:      layout_loops_ring, basic_altar, gup_sewer_entry_glass, serial_shops,
          shop
D:6:      layout_basic, basic_altar, uniq_menkaure
D:7:      layout_basic, minmay_temple_entry_proselytizer, item_on_display_a
D:8:      layout_gridville, uniq_maggie
D:9:      layout_small_grid, minmay_misc_feat_four_crosses, uniq_joseph,
          uniq_erolcha
D:10:     layout_big_octagon, minmay_lair_entry_grove, basic_altar
D:11:     layout_roguey, orc_david_3, nicolae_trove_entry_crossroad,
          hangedman_fish_farm, minmay_bent, uniq_josephine, uniq_maurice
D:12:     layout_loops_ring, kennysheep_generic_room_12, uniq_urug
D:13:     layout_layer_cave

Skill      XL: |  1  2  3  4  5  6  7  8  9 10 11 12 13 |
---------------+----------------------------------------+-----
Stealth        | 1 |  1.0
Fighting       | 2 5 6 7 8 |  8.3
Dodging        | 2 5 6 7 9 10 | 10.0
Short Blades   | 1 4 5 7 |  7.6
Armour         | 1 4 5 6 9 10 | 10.0
Shields        | 1 4 5 |  5.0
Throwing       | 4 6 7 8 |  8.0
Evocations     | 3 4 |  4.7
Maces & Flails | 7 8 |  8.3

Action                   |  1- 3 |  4- 6 |  7- 9 | 10-12 | 13-15 || total
-------------------------+-------+-------+-------+-------+-------++-------
Melee: Short sword       |   120 |   116 |   605 |   253 |       ||  1094
       Mace              |       |       |       |   406 |   150 ||   556
Throw: Javelin           |     4 |    15 |    14 |    48 |    36 ||   117
       Throwing net      |     1 |       |       |     3 |       ||     4
       Boomerang         |       |       |       |     9 |       ||     9
       Dart              |       |       |       |    11 |       ||    11
Evoke: Wand              |       |       |       |    16 |     2 ||    18
  Use: Potion            |     1 |     2 |     4 |     2 |     5 ||    14
       Scroll            |       |       |     8 |    11 |     3 ||    22
 Stab: Sleeping          |     1 |       |       |       |       ||     1
       Held in net/web   |     1 |       |       |     2 |       ||     3
       Paralysed         |       |       |       |     6 |       ||     6
  Eat: Chunk             |     2 |     1 |    14 |    17 |     5 ||    39
       Ration            |       |     1 |     2 |     2 |     1 ||     6
Armor: Leather armour    |    28 |       |       |       |       ||    28
       Ring mail         |    22 |    34 |    28 |       |       ||    84
       Scale mail        |       |       |    64 |    62 |       ||   126
       Chain mail        |       |       |    30 |   177 |    65 ||   272
Dodge: Dodged            |    91 |    51 |   259 |   424 |   115 ||   940
       Repelled          |       |       |       |    27 |    12 ||    39
Block: Buckler           |     6 |    22 |   145 |   236 |    66 ||   475
